 Dungeon Crawl Stone Soup version 0.20-a0-903-g7e3609c (webtiles) character file.

72 M4edhros the Sneak (level 4, 0/28 HPs)
             Began as an Octopode Artificer on Mar 21, 2017.
             Slain by a goblin
             ... wielding a cursed +0 club
              (3 damage)
             ... on level 2 of the Dungeon.
             The game lasted 00:02:45 (886 turns).

M4edhros the Sneak (Octopode Artificer)              Turns: 886, Time: 00:02:45

Health: 0/28       AC:  1    Str:  9 (11) XL:     4   Next: 26%
Magic:  6/6        EV: 13    Int: 12 (13) God:
Gold:   26         SH:  0    Dex: 11 (13) Spells: 3/3 levels left

rFire    . . .     SeeInvis .   p - +0 hunting sling (freeze)
rCold    + . .     Gourm    .   (no shield)
rNeg     . . .     Faith    .   (helmet restricted)
rPois    .         Spirit   .   (no amulet)
rElec    .         Reflect  .   n - ring of protection from cold
rCorr    .         Harm     .   (no ring)
MR       .....                  (no ring)
Stlth    ++++......             (no ring)
Regen    0.1/turn               (no ring)
MPRegen  0.1/turn               (no ring)
                                (no ring)
                                (no ring)

@: no status effects
A: almost no armour, stealthy swim, amphibious, 8 rings, constrict 8, camouflage
1, gelatinous body 1
a: no special abilities


You were on level 2 of the Dungeon.
You were not hungry.

You visited 1 branch of the dungeon, and saw 3 of its levels.

You collected 26 gold pieces.

Inventory:

Hand Weapons
 a - a +0 short sword
 p - a +0 hunting sling of freezing (weapon)
Missiles
 e - 8 sling bullets
 l - 11 stones (quivered)
Jewellery
 n - a ring of protection from cold (left tentacle)
Wands
 b - a wand of flame (12/48)
 c - a wand of enslavement (6/24)
 d - a wand of random effects (12/48)
Scrolls
 k - a scroll of magic mapping
Potions
 o - 2 potions of agility
Comestibles
 f - 3 bread rations
 q - 4 chunks of flesh


   Skills:
 - Level 1.0 Fighting
 - Level 1.0 Short Blades
 - Level 2.0 Dodging
 + Level 5.7 Stealth
 - Level 3.2 Evocations


You had 3 spell levels left.
You didn't know any spells.

Dungeon Overview and Level Annotations

Branches:
Dungeon (3/15)

Altars:

Annotations:
D:3 Grinder


Innate Abilities, Weirdness & Mutations

You cannot wear most types of armour.
You are very stealthy in the water. (Stealth+)
You are amphibious.
You can wear up to eight rings at the same time.
You can use your tentacles to constrict eight enemies at once.
Your skin changes colour to match your surroundings (Stealth+).
Your rubbery body absorbs attacks. (AC +1, EV +1)


Message History

Your orc wizard dies!
There is a stone staircase leading up here.
The dart slug bites you.
* * * LOW HITPOINT WARNING * * *
You climb upwards.
The goblin barely misses you.
There is a stone staircase leading down here.
Okay, then.
Evoke which item? (* to show all) (? for menu, Esc to quit)
Aiming: Enslavement
Press: ? - help, Shift-Dir - straight line, f - dart slug
Aim: a dart slug (chance to defeat MR: 72%)
The dart slug struggles to resist.
This wand has 7 charges left.
The goblin hits you but does no damage.
Evoke which item? (* to show all) (? for menu, Esc to quit)
Aiming: Enslavement
Press: ? - help, Shift-Dir - straight line, f - dart slug
Aim: a dart slug (chance to defeat MR: 72%)
The dart slug is charmed.
This wand has 6 charges left.
Your dart slug bites the goblin.
The goblin hits you with a club.
You die...

##.....#####
.........#. ..........
. #. .........# .. #.#
.......# ..# #..###
......###...# #..#.
...#w#....... ...g###.#
#@g...# #
#.#....#####..###..
#.##.<..####..........#
#.........g...##.##...#
####..##.###.## ..# ...
#.###.###.# #.l# ..
#.......#.# #.#
##......... .#
.....#### .#


You could see a goblin and a friendly dart slug.

Vanquished Creatures
  An orc priest (D:3)
  An ooze (D:1)
  An orc (D:3)
  A giant cockroach (D:3)
  2 hobgoblins (D:1)
  3 jackals (D:1)
  A quokka (D:3)
  A frilled lizard (D:1)
  3 kobolds
  4 rats (D:1)
18 creatures vanquished.

Vanquished Creatures (collateral kills)
  2 adders (D:3)
  2 orcs (D:3)
  A kobold (D:3)
5 creatures vanquished.

Vanquished Creatures (others)
  An orc wizard (D:3)
1 creature vanquished.

Grand Total: 24 creatures vanquished

Notes
Turn   | Place    | Note
-------+----------+-------------------------------------------
     0 | D:1      | M4edhros the Octopode Artificer began the quest for the Orb.
     0 | D:1      | Reached XP level 1. HP: 13/13 MP: 3/3
    43 | D:1      | Reached skill level 2 in Stealth
    43 | D:1      | Reached XP level 2. HP: 9/18 MP: 4/4
   229 | D:1      | Reached skill level 3 in Stealth
   620 | D:1      | You fall through a shaft!
   637 | D:3      | Noticed a scorpion
   814 | D:3      | Reached skill level 5 in Stealth
   814 | D:3      | Reached XP level 3. HP: 5/23 MP: 5/5
   818 | D:3      | Noticed Grinder
   842 | D:3      | Reached XP level 4. HP: 9/28 MP: 6/6
   886 | D:2      | Slain by a goblin

Vault maps used:
D:1:      dpeg_arrival_prison
D:2:      overflow_temple_1_default, lemuel_zombie_altar_kikubaaqudgha,
          gammafunk_temple_overflow_wave
D:3:      first_bread, small_statue_alley_b, minmay_misc_feat_five,
          kennysheep_slug_shrine, uniq_crazy_yiuf_cottage, uniq_grinder,
          uniq_iyjb

Skill      XL: |  1  2 |
---------------+-------+-----
Stealth        | 2 5 |  5.7
Fighting       | |  1.0
Short Blades   | |  1.0
Dodging        | |  2.0
Evocations     | |  3.2

Action                   |  1- 3 |  4- 6 || total
-------------------------+-------+-------++-------
Melee: Short sword       |    28 |       ||    28
       Constrict         |     6 |       ||     6
       Tentacles         |     5 |       ||     5
 Fire: Hunting sling     |    11 |     2 ||    13
Evoke: Wand              |     8 |     7 ||    15
  Use: Potion            |     4 |       ||     4
       Scroll            |     2 |       ||     2
 Stab: Sleeping          |     6 |       ||     6
Armor: Skin              |       |     1 ||     1
Dodge: Dodged            |    24 |     5 ||    29
